 Dungeon Crawl Stone Soup version 0.32-a0-834-geaf45d8e21 (webtiles) character file.

Game seed: 11362980038399938526

378 javelincjr the Trooper (level 6, -4/48 HPs)
             Began as a Demonspawn Warper on Mar 25, 2024.
             Slain by an ogre
             ... wielding a +0 giant club
              (31 damage)
             ... on level 4 of the Dungeon.
             The game lasted 00:09:26 (3493 turns).

javelincjr the Trooper (Demonspawn Warper)          Turns: 3493, Time: 00:09:27

Health: -4/48      AC:  8    Str: 18    XL:     6   Next: 45%
Magic:  7/11       EV: 11    Int: 13    God:
Gold:   318        SH:  0    Dex: 16    Spells: 7/11 levels left

rFire   + . .        p - +1 dagger (venom)
rCold   + . .        (no shield)
rNeg    . . .        r - +2 leather armour {rC+}
rPois   .            q - +2 helmet
rElec   .            (no cloak)
rCorr   .            (no gloves)
SInv    .            (no boots)
Will    .....        (no amulet)
Stlth   +            m - +6 ring of strength
HPRegen 0.28/turn    (no ring)
MPRegen 0.12/turn

%: no passive effects
@: no status effects
A: powered by death 2, demonic magic 1, hooves 1, agile 1, fire resistance 1,
wild magic 1
a: no special abilities


You were on level 4 of the Dungeon.
You visited 1 branch of the dungeon, and saw 4 of its levels.

You collected 318 gold pieces.

Inventory:

Hand Weapons
 a - a +0 spear
 p - a +1 dagger of venom (weapon)
Missiles
 d - 5 darts of dispersal (quivered)
 w - a throwing net
Armour
 b - a +0 leather armour
 q - a +2 helmet (worn)
 r - a +2 leather armour of cold resistance (worn)
 s - a +0 pair of boots
Jewellery
 m - a +6 ring of strength (left hand)
Scrolls
 c - 3 scrolls of blinking
 f - a scroll of enchant weapon {unknown}
 g - 4 scrolls of teleportation
 i - a scroll of brand weapon {unknown}
 k - a scroll of poison {unknown}
 o - 2 scrolls of noise {unknown}
 t - a scroll of torment {unknown}
 x - a scroll of acquirement {unknown}
Potions
 e - a potion of haste {unknown}
 h - a potion of degeneration
 l - 2 potions of invisibility
 n - a potion of cancellation
 u - a potion of attraction
 v - a potion of lignification


   Skills:
 * Level 3.7 Fighting
 + Level 2.7 Polearms
 + Level 2.0 Throwing
 + Level 2.1 Armour
 + Level 2.5 Dodging
 * Level 3.3 Spellcasting
 + Level 3.2 Translocations


You had 7 spell levels left.
You knew the following spells:

 Your Spells              Type           Power      Damage    Failure   Level
a - Blink                 Tloc           26%        N/A       16%         2
b - Lesser Beckoning      Tloc           26%        N/A       16%         2

Your spell library contained the following spells:

 Spells                   Type           Power      Damage    Failure   Level
 Teleport Other           Tloc           13%        N/A       28%         3
 Magic Dart               Conj           8%         1d3       34%         1
 Call Imp                 Summ           4%         N/A       45%         2
 Volatile Blastmotes      Fire/Tloc      16%        2d11      47%         3
 Manifold Assault         Tloc           13%        N/A       65%         4
 Iskenderun's Mystic Bla  Conj/Tloc      8%         2d4       86%         4
 Vhi's Electric Charge    Tloc/Air       16%        N/A       86%         4
 Fulminant Prism          Conj/Alch      1%         3d5       97%         4


Dungeon Overview and Level Annotations

Branches:
Dungeon (4/15)
 Temple: D:4-7

Altars:


Innate Abilities, Weirdness & Mutations

You regenerate health from kills.
Spells you cast may paralyse adjacent enemies.
You have large cloven feet.
You are agile. (Dex +4, Str/Int -1)
Your flesh is heat resistant. (rF+)
Your spells are a little harder to cast, but a little more powerful.


Message History

You miscast Blink.
You are very lightly contaminated with residual magic.
Nothing appears to happen.
Casting: Blink (safe; 16% risk of failure)
Confirm with . or Enter, or press ? or * to list all spells.
You blink.
Malevolent energies surge around you.
Throw: 7 darts (disperse)
Press: ? - help, Q - select action, (/) - cycle Shift-Dir - straight line, f/p - ogre
Aim: an ogre, wielding a +0 giant club (lightly wounded, poisoned, 74% to hit)
You throw a dart of dispersal. The dart of dispersal hits the ogre.
The ogre blinks!
The ogre is lightly wounded.
Throw: 6 darts (disperse)
Press: ? - help, Q - select action, (/) - cycle Shift-Dir - straight line, f/p - ogre
Aim: an ogre, wielding a +0 giant club (moderately wounded, poisoned, 74% to hit)
You throw a dart of dispersal. The dart of dispersal hits the ogre.
The ogre blinks!
The ogre is moderately wounded.
The ogre looks more healthy.
Your magical contamination has completely faded away.
You feel ready to blink again.
You see here a +0 rapier.
You see here a +0 rapier.
Casting: Blink (safe; 16% risk of failure)
Confirm with . or Enter, or press ? or * to list all spells.
Aiming: Lesser Beckoning (safe; 16% risk of failure)
Press: ? - help, Shift-Dir - straight line, f/p - ogre
Aim: an ogre, wielding a +0 giant club (moderately wounded, 100% to hit)
The ogre hurls suddenly forward!
Malevolent energies surge around you. The ogre closely misses you.
You hit the ogre but do no damage. You kick the ogre.
The ogre is heavily wounded.
The ogre hits you with a +0 giant club!!
You barely miss the ogre. You kick the ogre, but do no damage.
The ogre is heavily wounded.
You hit the ogre.
The ogre is heavily wounded.
The ogre hits you with a +0 giant club!!
Ouch! That really hurt!
You die...

#...# #>.†.'.....#. #...#
######.....#+ ###'#...
#################### ###.#.).
........O........... ..#.#...
##.####.####.####.# #.#.#...
#.# +.+ #.# #.#.#### #.# #O#
#.# #.#.....
##.#+##O#+##@#+##.#+##.##....
...................†...#.....
##.#+##.#'##.#+##.#÷##.#.....
#.#..#.#..#.#..#.#.##..
+.'..#.#..'.'..#)#.##..
##.####.####.####.####.#.##..
...........)...........#.####
######################.#.....
#...####


You could see an ogre.

Vanquished Creatures
  Grinder (D:4)
  A bombardier beetle (D:3)
  An iguana (D:4)
  3 gnolls (D:4)
  3 adders
  2 ufetubi (D:3)
  A ribbon worm (D:2)
  3 dart slugs
  7 orcs (D:4)
  3 bats
  2 endoplasms (D:2)
  A giant cockroach (D:3)
  2 goblins
  7 hobgoblins
  3 quokkas (D:1)
  4 ball pythons
  2 frilled lizards (D:2)
  4 kobolds
  4 rats
54 creatures vanquished.

Notes
Turn   | Place    | Note
-------+----------+-------------------------------------------
     0 | D:1      | javelincjr the Demonspawn Warper began the quest for the
                  | Orb.
     0 | D:1      | Reached XP level 1. HP: 16/16 MP: 3/3
    94 | D:1      | Reached skill level 1 in Throwing
   120 | D:1      | Reached skill level 1 in Armour
   335 | D:1      | Gained mutation: Spells you cast may paralyse adjacent
                  | enemies. [demonic ancestry]
   335 | D:1      | Reached XP level 2. HP: 22/22 MP: 5/5
   338 | D:1      | Learned a level 2 spell: Blink
   341 | D:1      | Learned a level 2 spell: Lesser Beckoning
  1250 | D:2      | Gained mutation: You regenerate a little health from kills.
                  | [demonic ancestry]
  1250 | D:2      | Reached XP level 3. HP: 28/28 MP: 1/6
  1265 | D:2      | Gained mutation: Your flesh is heat resistant. (rF+)
                  | [potion of mutation]
  1265 | D:2      | Gained mutation: Your spells are a little harder to cast,
                  | but a little more powerful. [potion of mutation]
  1265 | D:2      | Gained mutation: You are agile. (Dex +4, Str/Int -1)
                  | [potion of mutation]
  1265 | D:2      | Gained mutation: You have large cloven feet. [potion of
                  | mutation]
  2518 | D:3      | Gained mutation: You regenerate health from kills. [demonic
                  | ancestry]
  2518 | D:3      | Reached XP level 4. HP: 34/34 MP: 7/7
  2882 | D:4      | Reached XP level 5. HP: 41/41 MP: 9/9
  3204 | D:4      | Noticed Grinder
  3221 | D:4      | Killed Grinder
  3222 | D:4      | Reached XP level 6. HP: 40/47 MP: 5/11
  3493 | D:4      | Slain by an ogre

Illustrated notes

Levels and vault maps discovered:
D:1:      tarquinn_simple_flora_water_e, layout_basic, minmay_small_reverse_x
D:2:      layout_loops_corners, grunt_decor_mini_mirrors,
          wander_ebering_terrifying_dragon_lair
D:3:      layout_basic
D:4:      minmay_door_path, layout_basic, gammafunk_temple_overflow_forgotten,
          serial_shops, shop, serial_park_tiny_pond, minmay_misc_feat_five,
          uniq_grinder, uniq_sigmund

Skill      XL: |  1  2  3  4  5 |
---------------+----------------+-----
Throwing       | 1 2 |  2.0
Armour         | 1 2 |  2.1
Polearms       | 2 |  2.7
Dodging        | 2 |  2.5
Translocations | 3 |  3.2
Fighting       | 3 |  3.7
Spellcasting   | 3 |  3.3

Action                     |  1- 3 |  4- 6 || total
---------------------------+-------+-------++-------
  Melee: Spear             |    37 |       ||    37
         Dagger            |    49 |    73 ||   122
         Kick              |     9 |    28 ||    37
  Throw: Dart              |       |     2 ||     2
   Cast: Lesser Beckoning  |    12 |     8 ||    20
         Blink             |       |     3 ||     3
    Use: Scroll            |     4 |     6 ||    10
         Potion            |     1 |       ||     1
   Stab: Sleeping          |     2 |     1 ||     3
         Paralysed         |    10 |     5 ||    15
 Armour: Leather armour    |    35 |    48 ||    83
  Dodge: Dodged            |    38 |    54 ||    92

Table legend: (Time is in decaauts)
 A = Elapsed time spent in this place.
 B = Non-inter-level travel time spent in this place.
 C = Inter-level travel time spent in this place.
 D = Time resting spent in this place.
 E = Time spent auto-exploring this place.
 F = Levels seen in this place.
 G = Mean time per level.
                   A        B        C        D        E       F      G
               +--------+--------+--------+--------+--------+-----+--------+
         Total |   3491 |   3406 |     85 |     39 |   2812 |   4 |  872.8 |
       Dungeon |   3491 |   3406 |     85 |     39 |   2812 |   4 |  872.8 |
               +--------+--------+--------+--------+--------+-----+--------+

Top non-repeatable levels by time:
     D:2: 1276 daAuts
     D:1: 866 daAuts
     D:4: 707 daAuts
     D:3: 640 daAuts
